 Dungeon Crawl Stone Soup version 0.26-a0-84-g8c18429211 (webtiles) character file.

Game seed: 7620837656316584025

3688 Daoist the Grappler (level 9, -1/165 HPs)
             Began as a Troll Berserker on June 20, 2020.
             Was an Elder of Trog.
             Succumbed to a killer bee's poison
             ... on level 7 of the Dungeon.
             The game lasted 00:14:15 (6741 turns).

Daoist the Grappler (Troll Berserker)               Turns: 6741, Time: 00:14:16

Health: -1/165     AC: 11    Str: 27    XL:     9   Next: 90%
Magic:  8/8        EV:  9    Int:  3    God:    Trog [****..]
Gold:   354        SH:  9    Dex: 12    Spells: 8/8 levels left

rFire    . . .     SeeInvis .     - Unarmed
rCold    . . .     Gourm    +   F - +1 kite shield
rNeg     . . .     Faith    .   a - +0 animal skin
rPois    .         Spirit   .   (helmet restricted)
rElec    .         Reflect  .   q - +0 cloak
rCorr    .         Harm     .   (gloves unavailable)
MR       ++...                  (boots unavailable)
Stlth    ..........             (no amulet)
HPRegen  1.77/turn              d - +4 ring of protection
MPRegen  0.11/turn              v - ring of stealth

@: berserking (expiring), lethally poisoned (-1 -> -32), regenerating, very
quick
A: large, unfitting armour, claws 3, fast metabolism 3, gourmand, regeneration
1, robust 2, shaggy fur 1, tough skin 3
a: Berserk, Trog's Hand, Brothers in Arms, Renounce Religion


You were on level 7 of the Dungeon.
You worshipped Trog.
Trog was greatly pleased with you.
You were not hungry.

You visited 1 branch of the dungeon, and saw 8 of its levels.

You collected 522 gold pieces.
You spent 168 gold pieces at shops.

Inventory:

Missiles
 x - 8 silver javelins (quivered)
Armour
 a - a +0 animal skin (worn)
 q - a +0 cloak (worn)
 F - a +1 kite shield (worn)
Jewellery
 d - a +4 ring of protection (left claw)
 v - a ring of stealth (right claw)
 A - an uncursed amulet of faith
 C - an uncursed ring of positive energy
Wands
 l - a wand of polymorph (5)
 p - a wand of disintegration (24)
 E - a wand of flame (12)
 I - a wand of iceblast (7)
Scrolls
 e - 5 scrolls of identify
 g - 3 scrolls of teleportation
 i - a scroll of magic mapping
 j - 2 scrolls of enchant armour
Potions
 c - a potion of mutation
 h - a potion of brilliance
 k - a potion of invisibility {unknown}
 o - 5 potions of curing
 r - a potion of might
 s - 2 potions of degeneration
 w - a potion of stabbing {unknown}
 z - 3 potions of magic {unknown}
 B - a potion of flight {unknown}
Comestibles
 b - 17 rations


   Skills:
 * Level 6.7 Fighting
 + Level 4.5 Throwing
 + Level 4.3 Armour
 + Level 5.0 Dodging
 + Level 1.7 Shields
 * Level 8.1 Unarmed Combat


You had 8 spell levels left.
You didn't know any spells.
Your spell library was empty.

Dungeon Overview and Level Annotations

Branches:
Dungeon (8/15)             Temple (0/1) D:7
   Lair: D:8-11

Altars:
Cheibriados
Elyvilon
Makhleb
Qazlal
Uskayaw
Vehumet
Xom
Zin

Shops:
D:4 !


Innate Abilities, Weirdness & Mutations

You are too large for most types of armour.
You have claws for hands.
Your metabolism is lightning-fast.
You like to eat raw meat.
Your natural rate of healing is unusually fast.
You are covered in fur. (AC +1)
You have extremely tough skin. (AC +3)
You are very robust. (+20% HP)


Message History

You feel very sick. You block the killer bee's attack.
The killer bee barely misses you. The killer bee stings you.
* * * LOW HITPOINT WARNING * * *
You are more poisoned.
The killer bee poisons you!
The killer bee stings you but does no damage.
You barely miss the killer bee.
The killer bee is severely wounded.
* * * LOW HITPOINT WARNING * * *
You feel very sick. You block the killer bee's attack.
The killer bee stings you but does no damage.
The killer bee stings you.
* * * LOW HITPOINT WARNING * * *
The killer bee stings you!
* * * LOW HITPOINT WARNING * * *
You closely miss the killer bee.
The killer bee is severely wounded.
You die...

#####.# #.....#..##... ###.#
#.....#....... #...#
#.....#.......
#...###.....##.##.##
#..††......###.##.## ##.>#####.##
#.##.## ##.^####### #.##.##
########....)....## #......
##...##...y@.....#.######.## #
#.....#._...y...###.## #.#
#######'##.#..........#...####.#
..##.#...#.##..................##
#.##.#♣8♣#.###............####...
#....#####...#.........#### #.##
####.#...#.#.#.........#######..#
# #.............................
# ###....#..#...................


You could see 2 killer bees.

Vanquished Creatures
  The ghost of omma the Tainter, a novice OpVM of Cheibriados (D:7)
  A queen bee (D:7)
  A troll (D:7)
  An ice beast (D:7)
  A sky beast (D:6)
  A necrophage (D:7)
  A phantom (D:7)
  2 centaurs
  6 ogres
  A bullfrog (D:6)
  A wyvern skeleton (D:5)
  2 scorpions
  4 killer bees (D:7)
  3 howler monkeys
  2 bullfrog zombies
  2 crimson imps
  A quasit (D:7)
  A centaur zombie (D:7)
  2 jellies
  2 bullfrog skeletons
  6 hounds
  An orc wizard (D:5)
  Natasha (D:2)
  A centaur skeleton (D:4)
  2 iguanas
  Terence (D:2)
  7 worker ants
  A hound skeleton (D:5)
  A worker ant zombie (D:7)
  2 adders (D:2)
  A shadow imp (D:5)
  3 oozes (D:2)
  An adder zombie (D:5)
  An adder skeleton (D:5)
  2 worms
  2 dart slugs
  5 leopard geckos
  10 orcs
  11 bats
  3 giant cockroaches
  6 goblins
  6 hobgoblins
  12 jackals
  6 quokkas
  4 ball pythons
  6 frilled lizards
  6 kobolds
  A leopard gecko skeleton (D:5)
  A leopard gecko zombie (D:5)
  A quokka skeleton (D:7)
  A quokka zombie (D:7)
  9 rats
157 creatures vanquished.

Vanquished Creatures (collateral kills)
  A manticore (D:7)
  A centaur (D:7)
  A crimson imp (D:7)
  A hound (D:7)
4 creatures vanquished.

Vanquished Creatures (others)
  A hound (D:4)
  A leopard gecko (D:4)
  3 orcs (D:4)
5 creatures vanquished.

Grand Total: 166 creatures vanquished

Notes
Turn   | Place    | Note
-------+----------+-------------------------------------------
     0 | D:1      | Daoist the Troll Berserker began the quest for the Orb.
     0 | D:1      | Reached XP level 1. HP: 22/22 MP: 0/0
    93 | D:1      | Reached XP level 2. HP: 29/29 MP: 1/1
   126 | D:1      | You fall into a shaft and drop 1 floor!
   126 | D:2      | Noticed a crimson imp
   133 | D:2      | Killed a crimson imp
   133 | D:2      | Reached XP level 3. HP: 36/36 MP: 2/2
   191 | D:2      | Noticed Terence
   206 | D:2      | Reached skill level 1 in Armour
   209 | D:2      | Killed Terence
   209 | D:2      | Reached skill level 1 in Throwing
   209 | D:2      | Reached XP level 4. HP: 40/45 MP: 3/3
   296 | D:2      | Reached ** piety under Trog
  1196 | D:2      | Found a white marble altar of Elyvilon.
  1349 | D:2      | Reached XP level 5. HP: 53/53 MP: 4/4
  1401 | D:2      | Noticed Natasha
  1421 | D:2      | Killed Natasha
  1421 | D:2      | Reached skill level 4 in Unarmed Combat
  1871 | D:3      | Reached *** piety under Trog
  2538 | D:4      | Noticed an ogre
  2544 | D:4      | Killed an ogre
  2544 | D:4      | Reached XP level 6. HP: 45/62 MP: 5/5
  2691 | D:4      | Found Vuis's Distillery.
  2719 | D:4      | Bought a potion of degeneration for 14 gold pieces
  2719 | D:4      | Bought a potion of mutation for 112 gold pieces
  2719 | D:4      | Bought a potion of curing for 42 gold pieces
  2722 | D:4      | Gained mutation: You are robust. (+10% HP) [potion of
                  | mutation]
  2722 | D:4      | Gained mutation: You are very robust. (+20% HP) [potion of
                  | mutation]
  2817 | D:4      | Found a shimmering altar of Xom.
  3023 | D:4      | Reached XP level 7. HP: 56/84 MP: 6/6
  3250 | D:5      | Entered Level 5 of the Dungeon
  3327 | D:5      | Reached skill level 5 in Unarmed Combat
  3620 | D:5      | Found a stormy altar of Qazlal.
  4030 | D:5      | Found a radiant altar of Vehumet.
  4303 | D:6      | Reached **** piety under Trog
  4303 | D:6      | Reached XP level 8. HP: 88/94 MP: 7/7
  4377 | D:6      | Found a hide-covered altar of Uskayaw.
  4506 | D:6      | Found a burning altar of Makhleb.
  4784 | D:6      | Reached skill level 5 in Fighting
  4784 | D:6      | Reached skill level 6 in Unarmed Combat
  5051 | D:6      | Found a shimmering altar of Xom.
  5051 | D:6      | Noticed an angel
  5052 | D:6      | Found a glowing silver altar of Zin.
  5247 | D:7      | Found a snail-covered altar of Cheibriados.
  5337 | D:7      | Noticed a manticore
  5347 | D:7      | Killed a manticore
  5354 | D:7      | Reached XP level 9. HP: 23/106 MP: 8/8
  5661 | D:7      | Found a staircase to the Ecumenical Temple.
  5682 | D:7      | Reached skill level 7 in Unarmed Combat
  5844 | D:7      | Noticed a troll
  5857 | D:7      | Killed a troll
  6011 | D:7      | Reached skill level 1 in Shields
  6291 | D:7      | Found a runed translucent door.
  6291 | D:7      | Noticed omma's ghost (novice OpVM)
  6334 | D:7      | Killed omma's ghost
  6654 | D:8      | Noticed a queen bee
  6666 | D:7      | Reached skill level 5 in Dodging
  6734 | D:7      | Killed a queen bee
  6734 | D:7      | Reached skill level 8 in Unarmed Combat
  6740 | D:7      | HP: 2/165 [killer bee (11)]
  6741 | D:7      | Succumbed to a killer bee's poison

Illustrated notes

Levels and vault maps discovered:
D:1:      wander_arrival_peaceful_grave, layout_rooms
D:2:      layout_loops_corners, overflow_temple_1_default, first_ration,
          minmay_indecisive_spiral, uniq_natasha, uniq_terence
D:3:      layout_basic
D:4:      layout_basic, serial_shops, shop, dk_noncrumbling_4,
          xom_confusion_cloud
D:5:      layout_basic, nicolae_qazlal_eye_of_the_storm,
          overflow_temple_1_default, grunt_tough_drop
D:6:      layout_gridville, grunt_temple_overflow_order_and_chaos_1,
          lightli_temple_of_fire, eat_drink_and_be_merry_uskayaw
D:7:      hangedman_cross_stitches, layout_loops_cross, cheibriados_altar_1,
          minmay_temple_entry_waves, gammafunk_ghost_grave
D:8:      layout_gridville, chequers_temple_overflow_minitemple,
          gammafunk_ghost_icy, david_nohive_1, uniq_maurice

Skill      XL: |  1  2  3  4  5  6  7  8  9 |
---------------+----------------------------+-----
Fighting       | 3 4 5 6 |  6.7
Armour         | 1 2 3 4 |  4.3
Throwing       | 1 2 3 4 |  4.5
Unarmed Combat | 4 5 6 8 |  8.1
Dodging        | 3 4 5 |  5.0
Shields        | 1 |  1.7

Action                   |  1- 3 |  4- 6 |  7- 9 || total
-------------------------+-------+-------+-------++-------
Melee: Unarmed           |    64 |   204 |   318 ||   586
       Punch             |       |     5 |     1 ||     6
Invok: Berserk           |     1 |       |     4 ||     5
       Trog's Hand       |       |       |     3 ||     3
       Brothers in Arms  |       |       |     1 ||     1
  Use: Potion            |       |     1 |     3 ||     4
       Scroll            |       |       |    13 ||    13
 Stab: Sleeping          |       |     1 |     4 ||     5
       Distracted        |       |       |     1 ||     1
  Eat: Chunk             |     4 |    26 |    39 ||    69
Armor: Animal skin       |    33 |    81 |   182 ||   296
Dodge: Dodged            |    34 |    96 |   210 ||   340
Block: Kite shield       |       |       |    68 ||    68

Table legend:
 A = Non-vault XP
 B = Vault XP
 C = Vault XP percentage of total XP
 D = Non-vault monster count
 E = Vault monster count
 F = Vault count percentage of total count
                 A         B        C        D         E       F
            +---------+---------+-------+---------+---------+-------
      Total |    3285 |    1984 |  37.7 |     135 |      26 |  16.1
            +---------+---------+-------+---------+---------+-------
        D:1 |      34 |       0 |   0.0 |      20 |       0 |   0.0
        D:2 |     124 |      87 |  41.2 |      27 |       6 |  18.2
        D:3 |      37 |       0 |   0.0 |      18 |       0 |   0.0
        D:4 |     458 |       3 |   0.7 |      10 |       1 |   9.1
        D:5 |     566 |      91 |  13.9 |      16 |       3 |  15.8
        D:6 |     748 |       0 |   0.0 |      20 |       0 |   0.0
        D:7 |    1318 |    1803 |  57.8 |      24 |      16 |  40.0
            +---------+---------+-------+---------+---------+-------
